Map: Automaton LE

Players

pta - Winner!

  • Race: Zerg Zerg
  • Spawn Location: 3:00

VOD

Have the link to the VOD?

Description

Time

  • Played on: April 9, 2019, 6:10 p.m.
  • Length: 17:02
Show
View Real Time Build Order
Export as new Build Order

pta Zerg - Winner!

Build Orders:  

Get SALT Encoding   

  12  0:03  Drone  
  13  0:36  Spawning Pool  
  12  0:46  Extractor  
  12  0:47  Extractor  
  10  0:53  Overlord  
  10  0:57  Drone  
  11  1:05  Drone  
  12  1:13  Drone  
  13  1:26  Drone  
  14  1:50  Queen  
  14  1:54  Drone  
  17  2:01  Drone  
  18  2:24  Roach Warren  
  18  2:27  Drone  
  18  2:34  Zergling x2  
  19  2:57  Drone  
  20  3:04  Drone  
  21  3:12  Lair  
  21  3:15  Overlord  
  21  3:24  Drone  
  22  3:44  Drone x2  
  22  3:45  Drone  
  25  4:18  Roach  
  25  4:19  Roach  
  29  4:21  Overlord  
  29  4:22  Overlord  
  29  4:27  Glial Reconstitution  
  29  4:37  Evolution Chamber x2  
  29  4:39  Drone  
  28  4:47  Drone  
  29  5:12  Hydralisk Den  
  29  5:17  Roach x2  
  32  5:25  Drone  
  33  5:40  Drone  
  34  6:16  Hatchery  
  33  6:39  Roach x2  
  37  6:40  Roach  
  39  7:07  Spine Crawler, Drone  
  39  7:08  Drone  
  40  7:14  Spine Crawler  
  40  7:15  Drone  
  40  7:20  Metabolic Boost  
  40  7:43  Roach  
  40  7:44  Roach  
  40  7:45  Hydralisk  
  46  8:02  Zerg Ground Armor Level 1  
  46  8:07  Zerg Missile Weapons Level 1  
  46  8:11  Unknown  
  46  8:22  Overseer, Infestation Pit  
  45  8:34  Drone x3  
  48  8:50  Overseer  
  48  8:55  Drone  
  48  8:57  Overlord  
  49  9:05  Queen  
  49  9:08  Drone  
  52  9:26  Roach  
  52  9:27  Roach  
  52  9:28  Roach  
  53  9:51  Unknown  
  51  10:01  Hydralisk  
  51  10:02  Hydralisk  
  51  10:03  Hydralisk x2  
  51  10:09  Drone  
  60  10:11  Overlord  
  60  10:21  Overlord  
  60  10:37  Drone  
  60  10:38  Drone  
  62  10:41  Overlord  
  62  10:42  Drone  
  63  10:59  Extractor  
  62  11:01  Extractor  
  62  11:02  Drone x2  
  62  11:05  Overlord  
  62  11:06  Overlord  
  63  11:40  Spire  
  63  11:45  Zerg Missile Weapons Level 2  
  62  12:05  Drone x6  
  68  12:10  Roach x3  
  68  12:12  Hydralisk  
  68  12:13  Hydralisk  
  68  12:15  Hydralisk  
  80  12:35  Zergling x2  
  80  12:36  Zergling x10  
  86  12:42  Drone  
  87  13:17  Unknown  
  87  13:31  Roach x2  
  87  13:32  Roach x2  
  87  13:33  Hydralisk x2  
  87  13:35  Overlord x3  
  99  13:40  Unknown  
  89  14:44  Hydralisk x2  
  89  14:45  Hydralisk x4  
  99  15:59  Zergling x10  
  104  16:02  Roach x3  
  104  16:03  Hydralisk x3  
Tags
 
Add a new tag
Caveats
  • Supply blocks, unpowered buildings, or Contaminate may cause inaccurate times.
  • Supply counts are checked every 10 seconds.